 Dungeon Crawl Stone Soup version 0.28.0-43-g3370ac3207 (webtiles) character file.

Game seed: 5338332433183741824

210 diana the Insei (level 6, -2/45 HPs)
             Began as a Djinni Transmuter on Mar 20, 2022.
             Killed by nerve-wracking pain
             ... invoked by Jessica
              (7 damage)
             ... on level 2 of the Dungeon.
             The game lasted 00:01:56 (1978 turns).

diana the Insei (Djinni Transmuter)                 Turns: 1978, Time: 00:01:56

Health: -2/45      AC:  9    Str: 11    XL:     6   Next: 12%
Gold:   79         EV: 11    Int: 14    God:
                   SH:  0    Dex: 14

rFire   + + .      SeeInvis .     - Unarmed
rCold   x . .      Faith    .   (no shield)
rNeg    . . .      Spirit   .   e - +3 ring mail
rPois   ∞          Reflect  .   g - +0 helmet
rElec   .          Harm     .   (no cloak)
rCorr   .          Rampage  .   (no gloves)
Will    .....                   (boots unavailable)
Stlth   +.........              (no amulet)
HPRegen 0.15/turn               (no ring)
MPRegen 0.00/turn               (no ring)

@: mighty, flying
A: sickness immunity, fire resistance 2, cold vulnerability 1, float, innate
caster, HP casting, extra vitality 1
a: no special abilities


You were on level 2 of the Dungeon.
You visited 1 branch of the dungeon, and saw 2 of its levels.

You collected 79 gold pieces.

Inventory:

Missiles
 d - a throwing net
Armour
 e - a +3 ring mail (worn)
 g - a +0 helmet (worn)
Scrolls
 a - a scroll of vulnerability {unknown}
Potions
 b - a potion of flight {unknown}
 c - a potion of might
 f - a potion of curing {unknown}
 h - a potion of magic {unknown}


   Skills:
 + Level 2.7 Fighting
 + Level 2.4 Armour
 + Level 3.7 Dodging
 + Level 4.0 Unarmed Combat
 - Level 1.5 Spellcasting


You couldn't memorise any spells.
You knew the following spells:

 Your Spells              Type           Power      Damage    Failure   Level
a - Beastly Appendage     Tmut           10%        N/A       30%         1
b - Wereblood             Tmut           5%         N/A       43%         2
c - Spider Form           Tmut/Pois      5%         N/A       67%         3
d - Ice Form              Ice/Tmut       5%         N/A       97%         4
e - Magic Dart            Conj           20%        1d4       30%         1
f - Corpse Rot            Necr/Air       10%        N/A       43%         2
Your spell library was empty.

Dungeon Overview and Level Annotations

Branches:
Dungeon (2/15)

Altars:

Annotations:
D:2 Jessica


Innate Abilities, Weirdness & Mutations

You are immune to sickness and miasma.
You are immune to poison.
Your flesh is very heat resistant. (rF++)
You are vulnerable to cold. (rC-)
You float through the air rather than walking.
You learn spells naturally, not from books.
Your magical power is your life essence.
You have superior vitality. (+4 MHP)


Message History

The frilled lizard bites you but does no damage.
You hit the frilled lizard.
You kill the frilled lizard!
You hit Jessica.
Jessica is severely wounded.
Jessica barely misses you.
Jessica casts a spell.
Jessica blinks!
Jessica hits you but does no damage.
Jessica casts a spell.
Jessica blinks!
Jessica casts a spell at you. Pain shoots through your body!
You are too injured to fight recklessly!
You are too injured to fight recklessly!
You are too injured to fight recklessly!
You are too injured to fight recklessly!
You are too injured to fight recklessly!
You are too injured to fight recklessly!
You are too injured to fight recklessly!
You closely miss Jessica.
Jessica is severely wounded.
Jessica closely misses you. Jessica misses you.
You closely miss Jessica.
Jessica is severely wounded.
Jessica hits you with a +0 dagger.
Jessica points at you and mumbles some strange words.
Pain shoots through your body!
* * * LOW HITPOINT WARNING * * *
You barely miss Jessica.
Jessica is severely wounded.
You feel yourself speed up. Jessica closely misses you.
Jessica hits you with a +0 dagger.
* * * LOW HITPOINT WARNING * * *
It was a potion of might.
You feel very mighty all of a sudden. Jessica misses you.
Jessica casts a spell at you. Pain shoots through your body!
You die...

#............#.###
#.........+†..#
#.........#.#.#
#...........#.#
#.###.#+##.........
#.#.#.# ...........
#...#.####.........
####.#.# #.........
#...@@.####.........
#.#..#..............
# #.###.............
#. +........ #.
#........ .l
......... #.
.######## . ##


You could see Jessica (fast).

Vanquished Creatures
  Sigmund (D:2)
  3 adders (D:2)
  A bat (D:2)
  2 endoplasms
  2 goblins (D:1)
  3 hobgoblins (D:1)
  5 jackals (D:1)
  3 ball pythons
  5 frilled lizards
  A rat (D:1)
26 creatures vanquished.

Notes
Turn   | Place    | Note
-------+----------+-------------------------------------------
     0 | D:1      | diana the Djinni Transmuter began the quest for the Orb.
     0 | D:1      | Reached XP level 1. HP: 17/17 MP: 0/0
   329 | D:1      | Reached XP level 2. HP: 10/22 MP: 0/0
  1182 | D:2      | Reached XP level 3. HP: 27/27 MP: 0/0
  1182 | D:2      | Learned a level 1 spell: Magic Dart
  1380 | D:2      | Reached skill level 1 in Armour
  1620 | D:2      | Noticed Sigmund
  1644 | D:2      | Killed Sigmund
  1645 | D:2      | Reached skill level 4 in Unarmed Combat
  1645 | D:2      | Reached XP level 4. HP: 7/34 MP: 0/0
  1645 | D:2      | Reached XP level 5. HP: 9/39 MP: 0/0
  1645 | D:2      | Learned a level 2 spell: Corpse Rot
  1645 | D:2      | Reached XP level 6. HP: 10/45 MP: 0/0
  1963 | D:2      | Noticed Jessica
  1978 | D:2      | Killed from afar by Jessica

Illustrated notes

Levels and vault maps discovered:
D:1:      minmay_arrival_jagged, layout_rooms
D:2:      minmay_chambers_of_ones, layout_basic, uniq_jessica, uniq_sigmund

Skill      XL: |  1  2  3 |
---------------+----------+-----
Armour         | 2 |  2.4
Fighting       | 2 |  2.7
Dodging        | 3 |  3.7
Unarmed Combat | 4 |  4.0
Spellcasting   | |  1.5

Action                   |  1- 3 |  4- 6 || total
-------------------------+-------+-------++-------
Melee: Unarmed           |   137 |    25 ||   162
       Punch             |     3 |     2 ||     5
  Use: Potion            |       |     1 ||     1
Armor: Robe              |     1 |       ||     1
       Ring mail         |    49 |    11 ||    60
Dodge: Dodged            |    89 |    17 ||   106
